 Dungeon Crawl Stone Soup version 0.25.0-9-g26727b657a (webtiles) character file.

Game seed: 11705964672370190965

9606 mopl the Impaler (level 11, -6/86 HPs)
             Began as a Merfolk Skald on June 17, 2020.
             Was a Priest of Yredelemnul.
             Mangled by a black mamba (11 damage)
             ... on level 1 of the Lair of Beasts.
             The game lasted 00:14:37 (11022 turns).

mopl the Impaler (Merfolk Skald)                   Turns: 11022, Time: 00:14:38

Health: -6/86      AC:  9    Str: 18    XL:     11   Next: 49%
Magic:  27/27      EV: 11    Int: 13    God:    Yredelemnul [***...]
Gold:   563        SH:  0    Dex: 14    Spells: 8/14 levels left

rFire    . . .     SeeInvis .   a - +1 scythe (venom)
rCold    . . .     Gourm    .   (shield currently unavailable)
rNeg     . . .     Faith    .   B - +3 scale mail of the Dwarven Hall {-Cast rPois Str+4}
rPois    +         Spirit   .   (no helmet)
rElec    .         Reflect  .   (no cloak)
rCorr    .         Harm     .   (no gloves)
MR       .....     NoCast   +   (no boots)
Stlth    ..........             p - amulet of the acrobat
HPRegen  0.24/turn              v - ring of flight
MPRegen  0.20/turn              H - ring of magical power

@: no status effects
A: change form in water, swift swim, stealthy swim
a: Recall Undead Slaves, Injury Mirror, Animate Dead, Renounce Religion, Evoke
Flight


You were on level 1 of the Lair of Beasts.
You worshipped Yredelemnul.
Yredelemnul was most pleased with you.
You were hungry.

You visited 3 branches of the dungeon, and saw 12 of its levels.

You collected 563 gold pieces.

Inventory:

Hand Weapons
 a - a +1 scythe of venom (weapon)
 b - a +0 halberd of flaming
 w - a +3 spear
Missiles
 c - 31 poisoned darts (quivered)
 m - 10 boomerangs
 D - a throwing net
Armour
 B - the +3 scale mail of the Dwarven Hall (worn) {-Cast rPois Str+4}
   (You found it on level 6 of the Dungeon)

   It affects your strength (+4).
   It protects you from poison.
   It prevents spellcasting.
 G - +0 steam dragon scales
Jewellery
 p - an amulet of the acrobat (around neck)
 v - a ring of flight (left hand)
 y - an uncursed amulet of reflection
 H - a ring of magical power (right hand)
Wands
 E - a wand of flame (12)
 I - a wand of acid (6)
 P - a wand of iceblast (10)
Scrolls
 g - 2 scrolls of enchant armour {unknown}
 i - 5 scrolls of teleportation {unknown}
 j - a scroll of blinking {unknown}
 l - 4 scrolls of remove curse
 o - 2 scrolls of enchant weapon {unknown}
 q - 4 scrolls of immolation {unknown}
 r - 3 scrolls of random uselessness {unknown}
 x - a scroll of noise {unknown}
 z - 2 scrolls of fear {unknown}
 C - 2 scrolls of identify
 F - 2 scrolls of fog {unknown}
 K - a scroll of vulnerability {unknown}
 L - a scroll of torment
 M - a scroll of brand weapon
Potions
 e - 4 potions of magic
 f - 2 potions of curing
 h - a potion of resistance
 k - 2 potions of heal wounds
 n - 3 potions of stabbing
 s - a potion of ambrosia
 t - 2 potions of flight
 u - a potion of brilliance
 A - a potion of mutation
 J - a potion of might
 N - a potion of lignification
 O - a potion of cancellation
Comestibles
 d - 25 rations


   Skills:
 + Level 7.8 Fighting
 * Level 16.9 Polearms
 + Level 1.6 Armour
 + Level 4.0 Dodging
 - Level 2.0 Spellcasting
 - Level 3.2 Charms
 * Level 10.6 Invocations


You had 8 spell levels left.
You knew the following spells:

 Your Spells              Type           Power        Failure   Level  Hunger
a - Infusion              Chrm           #...         22%         1    ##.....
b - Song of Slaying       Chrm           #.......     32%         2    ###....
c - Spectral Weapon       Hex/Chrm       #.......     77%         3    ####...

Your spell library contained the following spells:

 Spells                   Type           Power        Failure   Level  Hunger
 Shroud of Golubria       Chrm/Tloc      #.....       54%         2    ###....
 Ozocubu's Armour         Chrm/Ice       #.......     77%         3    ####...
 Cause Fear               Hex            #.........   100%        4    #####..
 Silence                  Hex/Air        #.........   100%        5    ######.
 Yara's Violent Unravell  Hex/Tmut       #.........   100%        5    ######.
 Discord                  Hex            #.........   100%        8    #######


Dungeon Overview and Level Annotations

Branches:
Dungeon (9/15)             Temple (1/1) D:5            Lair (2/6) D:9
    Orc (0/2) D:9
  Swamp: Lair:2-4    Shoals: Lair:2-4     Snake: Lair:2-4    Spider: Lair:2-4

Altars:
Ashenzari
Cheibriados
Elyvilon
Fedhas
Gozag
Hepliaklqana
Makhleb
Nemelex Xobeh
Okawaru
Qazlal
Ru
Sif Muna
Trog
Uskayaw
Vehumet
Wu Jian
Xom
Yredelemnul
Zin
The Shining One

Annotations:
D:3 dig


Message History

* * * LOW HITPOINT WARNING * * *
The black mamba barely misses you.
You hit the black mamba.
The black mamba is almost dead.
You feel sick. The black mamba barely misses you. x2
Unknown command.
You slash the black mamba!
The black mamba is almost dead.
You feel sick. The black mamba bites you!
* * * LOW HITPOINT WARNING * * *
The black mamba bites you but does no damage.
You feel better. The black mamba bites you.
* * * LOW HITPOINT WARNING * * *
The black mamba bites you but does no damage.
Unknown command.
You closely miss the black mamba.
The black mamba is almost dead.
The black mamba bites you!
You die...
Your body rises from the dead as a mindless zombie.

.....#....
#..##..#
⌠...+...⌠
#......+
.......#..
#......#
.##.#.#....
#......##....
##...
#####........#.##
###'
..........).....#
#...
................#
##...
#..S@........#
#.⌠.>
#............#
##...
#............#
##.⌠
##............#
###
#.............# #
...............#
#
#P###...........#
##
#............##
##............#


You could see a black mamba.

Vanquished Creatures
  A hydra (Lair:1)
  2 two-headed ogres
  A deep elf mage (D:9)
  Maggie (D:6)
  5 spiny frogs (Lair:1)
  A troll (D:9)
  4 hippogriffs
  A hornet (D:9)
  Edmund (D:4)
  A porcupine (Lair:1)
  A soldier ant (D:9)
  A water moccasin (Lair:1)
  5 ice beasts
  2 orc warriors
  A black bear (D:7)
  2 sky beasts
  6 ogres
  3 centaurs
  A crocodile (Lair:2)
  2 big kobolds
  4 bullfrogs
  2 scorpions
  4 wights (D:7)
  2 howler monkeys
  An electric eel (Lair:1)
  3 crimson imps
  A centaur zombie (D:6)
  A bullfrog zombie (D:5)
  3 hounds
  A jelly (D:9)
  2 quasits (D:8)
  5 orc priests
  A gnoll shaman (D:7)
  10 orc wizards
  A bullfrog skeleton (D:5)
  6 iguanas
  7 worker ants
  A hound skeleton (D:9)
  10 gnolls
  17 adders
  4 shadow imps
  An ooze (D:1)
  An adder zombie (D:4)
  An adder skeleton (D:6)
  5 worms
  5 dart slugs
  5 leopard geckos
  22 orcs
  4 bats
  6 giant cockroaches
  6 goblins
  8 hobgoblins
  7 jackals
  15 kobolds
  4 quokkas
  A ball python (D:4)
  5 frilled lizards
  A leopard gecko skeleton (D:4)
  A leopard gecko zombie (D:5)
  6 rats
232 creatures vanquished.

Notes
Turn   | Place    | Note
-------+----------+-------------------------------------------
     0 | D:1      | mopl the Merfolk Skald began the quest for the Orb.
     0 | D:1      | Reached XP level 1. HP: 16/16 MP: 3/3
    46 | D:1      | Reached skill level 4 in Polearms
    46 | D:1      | Reached XP level 2. HP: 16/22 MP: 5/5
   241 | D:1      | Learned a level 2 spell: Song of Slaying
   491 | D:2      | Reached skill level 5 in Polearms
   491 | D:2      | Reached XP level 3. HP: 11/27 MP: 6/6
  1092 | D:2      | Reached skill level 6 in Polearms
  1291 | D:2      | Reached XP level 4. HP: 29/33 MP: 7/7
  1770 | D:3      | Found a glowing silver altar of Zin.
  1970 | D:3      | Reached skill level 7 in Polearms
  1970 | D:3      | Reached XP level 5. HP: 33/38 MP: 8/8
  1982 | D:3      | Noticed an orc warrior
  2069 | D:3      | Found a snail-covered altar of Cheibriados.
  2243 | D:3      | Killed an orc warrior
  2243 | D:3      | Reached skill level 8 in Polearms
  2243 | D:3      | Reached XP level 6. HP: 44/44 MP: 9/9
  2369 | D:3      | Reached skill level 9 in Polearms
  2786 | D:4      | Found a shimmering altar of Xom.
  2815 | D:4      | Noticed Edmund
  2823 | D:4      | Killed Edmund
  2823 | D:4      | Reached skill level 10 in Polearms
  2823 | D:4      | Reached XP level 7. HP: 25/50 MP: 10/10
  3040 | D:4      | Found a shattered altar of Ashenzari.
  3056 | D:4      | Found a sparkling altar of Nemelex Xobeh.
  3351 | D:4      | Reached skill level 11 in Polearms
  3544 | D:5      | Entered Level 5 of the Dungeon
  3555 | D:5      | Found a white marble altar of Elyvilon.
  3670 | D:5      | Found a staircase to the Ecumenical Temple.
  3678 | Temple   | Entered the Ecumenical Temple
  3713 | Temple   | Became a worshipper of Yredelemnul the Dark
  3844 | D:5      | Reached skill level 1 in Invocations
  3980 | D:5      | Found a burning altar of Makhleb.
  4136 | D:5      | Reached skill level 12 in Polearms
  4136 | D:5      | Reached XP level 8. HP: 49/57 MP: 11/11
  4807 | D:6      | Found an opulent altar of Gozag.
  4843 | D:6      | Got a faintly humming scale mail
  4854 | D:6      | Identified the +3 scale mail of the Dwarven Hall {-Cast
                  | rPois Str+4} (You found it on level 6 of the Dungeon)
  5056 | D:6      | Reached * piety under Yredelemnul
  5200 | D:6      | Learned a level 3 spell: Spectral Weapon
  5463 | D:6      | Noticed Maggie
  5474 | D:6      | Killed Maggie
  5474 | D:6      | Reached skill level 13 in Polearms
  6042 | D:6      | Reached skill level 5 in Invocations
  6042 | D:6      | Reached XP level 9. HP: 61/65 MP: 12/12
  6503 | D:7      | Found a glowing golden altar of the Shining One.
  6529 | D:7      | Found a shimmering blue altar of Sif Muna.
  6593 | D:7      | Found a radiant altar of Vehumet.
  6871 | D:7      | Reached ** piety under Yredelemnul
  7172 | D:8      | Reached skill level 5 in Fighting
  7176 | D:8      | Reached skill level 14 in Polearms
  7441 | D:8      | Found a hide-covered altar of Uskayaw.
  7578 | D:8      | Found a sparkling altar of Nemelex Xobeh.
  7858 | D:8      | Noticed a two-headed ogre
  7891 | D:8      | Killed a two-headed ogre
  7891 | D:8      | Reached skill level 15 in Polearms
  7891 | D:8      | Reached XP level 10. HP: 29/76 MP: 16/16
  8409 | D:9      | Noticed a two-headed ogre
  8425 | D:9      | Killed a two-headed ogre
  8447 | D:9      | Noticed a deep elf mage
  8466 | D:9      | Found a staircase to the Lair.
  8713 | D:9      | Killed a deep elf mage
  8989 | D:9      | Reached *** piety under Yredelemnul
  9073 | D:9      | Reached skill level 16 in Polearms
  9149 | D:9      | Found a stormy altar of Qazlal.
  9181 | D:9      | Found a stormy altar of Qazlal.
  9207 | D:9      | Found a staircase to the Orcish Mines.
  9242 | D:9      | Reached XP level 11. HP: 25/84 MP: 18/18
  9859 | D:9      | Reached skill level 10 in Invocations
  9971 | Lair:1   | Entered Level 1 of the Lair of Beasts
  9982 | Lair:1   | Reached skill level 1 in Armour
 10663 | Lair:1   | You fall into a shaft and drop 1 floor!
 10889 | Lair:1   | Noticed an eight-headed hydra
 10918 | Lair:1   | Killed a four-headed hydra
 11020 | Lair:1   | HP: 1/86 [black mamba (16)]
 11022 | Lair:1   | Mangled by a black mamba

Illustrated notes

Levels and vault maps discovered:
D:1:      erik_arrival_triangle_medium, layout_basic, nrook_loot_triangle
D:2:      layout_basic
D:3:      minmay_octagon_keep, layout_basic, kennysheep_slug_shrine,
          zin_treasury, hangedman_decor_opposing
D:4:      cheibrodos_thug_alley, layout_rooms, kennysheep_mini_moat,
          lemuel_doored_altar, kennysheep_mini, first_ration, uniq_edmund
D:5:      layout_loops_ring, nicolae_overflow_crystal_walls, elyvilon_altar_1,
          minmay_temple_entry_mist, hangedman_abyss_or_decor_lesser_grid,
          nrook_mini_backslash
D:6:      layout_basic, nicolae_gozag_cash_rules_everything_around_me,
          uniq_maggie
D:7:      layout_gridville, vehumet_altar_wand_db, lemuel_round_altar,
          lemuel_crystal_altar
D:8:      layout_cave_pods, kennysheep_little_box, basic_altar,
          serial_column_ruins, column_ruins_hut, column_ruins_columns_straight,
          column_ruins_grid_1, column_ruins_corridor_straight,
          column_ruins_corridor_corner
D:9:      layout_long_grid, grunt_qazlal_clouds, lair_entry_dummy, orc_0_dummy,
          basic_altar, hangedman_pestilent_swarm, kennysheep_decorative_pillar,
          st_stairs_4, minmay_bent
Temple:   jpeg_temple_island
Lair:1:   layout_small_grid, st_stairs_7, minivault_19, grunt_megastairs_1,
          infiniplex_staircase_pool
Lair:2:   layout_layer_cave, chequers_serial_rivers_micro_c,
          lemuel_altar_in_water2

Skill      XL: |  1  2  3  4  5  6  7  8  9 10 11 |
---------------+----------------------------------+-----
Polearms       | 4 5 6 7 8 10 12 13 15 16 | 16.9
Invocations    | 1 5 8 9 10 | 10.6
Fighting       | 4 6 7 |  7.8
Armour         | 1 |  1.6
Dodging        | 4 |  4.0
Spellcasting   | |  2.0
Charms         | |  3.2

Action                   |  1- 3 |  4- 6 |  7- 9 | 10-12 || total
-------------------------+-------+-------+-------+-------++-------
Melee: Spear             |   109 |    92 |       |       ||   201
       Scythe            |       |    32 |   317 |   178 ||   527
       Halberd           |       |       |    29 |    33 ||    62
       Tailslap          |       |       |       |     4 ||     4
Throw: Dart              |       |       |       |     7 ||     7
 Cast: Infusion          |       |     1 |       |       ||     1
  Use: Scroll            |       |     4 |     8 |     5 ||    17
       Potion            |       |       |       |     1 ||     1
 Stab: Sleeping          |     1 |       |       |       ||     1
  Eat: Chunk             |     1 |     5 |    17 |     9 ||    32
Armor: Leather armour    |     5 |       |       |       ||     5
       Ring mail         |    10 |    21 |    50 |       ||    81
       Scale mail        |       |       |    88 |   108 ||   196
Dodge: Dodged            |    36 |    70 |   179 |   160 ||   445
